 Dungeon Crawl Stone Soup version 0.28-a0-863-g8cecda6153 (webtiles) character file.

Game seed: 14263026249684534008

1559 sanka the Agent of Entropy (level 8, 0/97 HPs)
             Began as a Palentonga Abyssal Knight on Nov 16, 2021.
             Was a Priest of Lugonu.
             Slain by Duvessa (5 damage)
             ... on level 5 of the Dungeon.
             The game lasted 00:09:51 (5585 turns).

sanka the Agent of Entropy (PaAK)                   Turns: 5585, Time: 00:09:52

Health: 0/97       AC: 24    Str: 19    XL:     8   Next: 58%
Magic:  14/14      EV:  1    Int: 10    God:    Lugonu [***...]
Gold:   61         SH:  4    Dex: 11    Spells: 7/7 levels left

rFire   . . .      SeeInvis +   (no weapon)
rCold   . . .      Faith    .   g - +0 buckler
rNeg    . . .      Spirit   .   (armour currently unavailable)
rPois   +          Reflect  .   (helmet currently unavailable)
rElec   .          Harm     .   (cloak currently unavailable)
rCorr   .          Rampage  .   (gloves currently unavailable)
Will    .....      NoTele   +   (no barding)
Stlth   +.........              d - amulet of regeneration
HPRegen 1.26/turn               (no ring)
MPRegen 0.14/turn               (no ring)

@: lit by a corona, tree-form, glowing
A: stationary, stasis, torment immunity, boosted hp, large, rugged brown scales
3, see invisible, (deformed body), (roll 1), (armoured tail), (reflexive curl)
a: Renounce Religion, Depart the Abyss, Bend Space, Banish


You were on level 5 of the Dungeon.
You worshipped Lugonu.
Lugonu was most pleased with you.
You were a tree.
You visited 1 branch of the dungeon, and saw 6 of its levels.
You visited the Abyss 1 time.

You collected 194 gold pieces.
You spent 133 gold pieces at shops.


Innate Abilities, Weirdness & Mutations

You are a tree.
Your roots penetrate the ground, keeping you stationary.
You cannot be teleported.
You are immune to unholy pain and torment.
Your maximum health is greatly increased.
Your equipment is partially melded.
(You are completely covered in rugged brown scales. (AC +3, +7% HP))
You have supernaturally acute eyesight. (SInv)
((Armour fits poorly on your strangely shaped body.))
((You can roll at nearby foes to attack.))
((You have a long armoured tail.))
((You curl defensively after being hit. (AC +7*)))


   Skills:
 + Level 4.5 Fighting
 + Level 6.9 Axes
 - Level 1.5 Armour
 - Level 0.7 Dodging
 - Level 2.4 Shields
 - Level 8.0 Invocations


You had 7 spell levels left.
You didn't know any spells.
Your spell library was empty.

Inventory:

Hand Weapons
 a - a +0 war axe
 r - a +1 vorpal hand axe
 A - a +0 battleaxe
Armour
 b - a +0 leather armour
 g - a +0 buckler (worn)
 i - a +0 helmet (melded)
 u - the +5 scale mail "Pyprauff" (melded) {-Tele rElec Str-4 Int+6}

   Str:       It affects your strength (-4).
   Int:       It affects your intelligence (+6).
   rElec:     It insulates you from electricity.
   -Tele:     It prevents most forms of teleportation.
 v - the +1 leather armour of a Billion Beds {rF+ rN+} rF: It protects you from fire. rN: It protects you from negative energy.
Jewellery
 d - an amulet of regeneration (around neck)
 z - an amulet of reflection
Wands
 B - a wand of charming (8)
Scrolls
 c - 3 scrolls of amnesia {unknown}
 e - a scroll of magic mapping {unknown}
 f - 3 scrolls of silence {unknown}
 j - 7 scrolls of identify {unknown}
 k - a scroll of enchant armour {unknown}
 m - 2 scrolls of enchant weapon {unknown}
 n - 2 scrolls of blinking {unknown}
 o - 2 scrolls of torment {unknown}
 p - 2 scrolls of immolation {unknown}
 q - a scroll of holy word {unknown}
 x - a scroll of vulnerability {unknown}
 y - a scroll of summoning
 C - a scroll of fog {unknown}
Potions
 h - a potion of mutation {unknown}
 l - a potion of lignification {!q}
 s - a potion of curing {unknown}
 t - a potion of haste {unknown}
 w - a potion of might {unknown}

Dungeon Overview and Level Annotations

Branches:
Dungeon (6/15)
 Temple: D:4-7

Altars:
Ashenzari
Fedhas
Yredelemnul

Shops:
D:3 ?

Annotations:
D:2 1 runed translucent door, Crazy Yiuf
D:5 Dowan, Duvessa

▒..... .. ▒.▒▒..
... ▒▒ ▒▒ ▒.▒▒..
... ..▒. ▒.▒▒..
▒.▒ .▒.
▒▒▒▒▒▒.▒▒.. ..
▒........(. ▒.
▒.▒.▒▒▒▒▒.▒
▒.▒e▒▒▒▒▒▒▒▒.▒.▒
▒.▒
▒...e♣.........▒
▒.▒
▒▒▒.▒▒▒▒▒▒▒▒.▒▒▒
▒.▒ ▒. ▒.▒.▒▒
▒.▒ ▒. ..▒▒▒.▒
▒.▒ ▒▒ ▒▒▒.▒..▒
▒.▒ ▒.▒.▒ ▒..
▒.▒.▒ ▒▒. ▒.▒.▒
▒. ▒▒▒▒▒▒▒▒.▒.▒
▒.


You could see Duvessa and Dowan.


Message History

* * * LOW HITPOINT WARNING * * *
You are now empty-handed.
You barely miss Duvessa.
Duvessa is heavily wounded.
Duvessa hits you but does no damage.
Dowan hits you from afar with a +2 bardiche of freezing.
* * * LOW HITPOINT WARNING * * *
Dowan freezes you.
* * * LOW HITPOINT WARNING * * *
You barely miss Duvessa.
Duvessa is heavily wounded.
Duvessa hits you with a +0 short sword.
* * * LOW HITPOINT WARNING * * *
Dowan hits you from afar with a +2 bardiche of freezing.
* * * LOW HITPOINT WARNING * * *
Dowan freezes you.
* * * LOW HITPOINT WARNING * * *
You hit Duvessa but do no damage.
Duvessa is heavily wounded.
Duvessa hits you but does no damage. Dowan hits you but does no damage.
You barely miss Duvessa.
Duvessa is heavily wounded.
Duvessa hits you with a +0 short sword.
* * * LOW HITPOINT WARNING * * *
Dowan hits you but does no damage.
You hit Duvessa.
Duvessa is heavily wounded.
Duvessa hits you with a +0 short sword.
You die...

Action                   |  1- 3 |  4- 6 |  7- 9 || total
-------------------------+-------+-------+-------++-------
Melee: Hand axe          |    86 |    89 |       ||   175
       Tailslap          |     3 |    11 |    23 ||    37
       War axe           |       |    10 |   135 ||   145
       Unarmed           |       |       |     6 ||     6
Invok: Banish            |       |       |     1 ||     1
 Abil: Rolling Charge    |       |     2 |     2 ||     4
  Use: Potion            |       |       |     2 ||     2
Armor: Leather armour    |    33 |    37 |       ||    70
       Scale mail        |       |       |    80 ||    80
       Skin              |       |       |     8 ||     8
Dodge: Dodged            |    33 |    57 |    41 ||   131
Block: Buckler           |     4 |    18 |    21 ||    43

Levels and vault maps discovered:
D:1:      dpeg_arrival_renting, layout_loops_ring,
          dreamdust_ecumenical_altar_drowned_temple
D:2:      kennysheep_big_flooded_room, layout_loops_ring, basic_altar,
          uniq_natasha, uniq_robin, uniq_crazy_yiuf_cottage
D:3:      layout_basic, fedhas_ov_isle_minmay,
          mainiacjoe_overflow_small_starburst, serial_shops, shop,
          hangedman_decor_points
D:4:      layout_loops_ring
D:5:      layout_loops_ring, uniq_duvessa, uniq_menkaure
D:6:      layout_basic, worldfamousw_hep_ancestral_shrine, temple_pool_b

Notes
Turn   | Place    | Note
-------+----------+-------------------------------------------
     0 | Abyss:1  | sanka the Palentonga Abyssal Knight began the quest for the
                  | Orb.
     0 | Abyss:1  | Reached XP level 1. HP: 19/19 MP: 2/2
    13 | D:1      | Escaped the Abyss
   131 | D:1      | Found a faded altar of an unknown god.
   714 | D:1      | Reached XP level 2. HP: 25/25 MP: 3/3
   960 | D:1      | Reached skill level 3 in Axes
  1329 | D:2      | Noticed Robin
  1371 | D:2      | Killed Robin
  1375 | D:2      | Reached XP level 3. HP: 20/31 MP: 4/4
  1552 | D:2      | Reached ** piety under Lugonu
  1707 | D:2      | Reached skill level 1 in Shields
  1948 | D:2      | Noticed Natasha
  1954 | D:2      | Killed Natasha
  1955 | D:2      | Reached XP level 4. HP: 35/37 MP: 5/5
  2040 | D:2      | Noticed Natasha
  2043 | D:2      | Killed Natasha
  2118 | D:2      | Noticed Natasha
  2230 | D:2      | Found a basalt altar of Yredelemnul.
  2236 | D:2      | Killed Natasha
  2237 | D:2      | Reached skill level 4 in Axes
  2237 | D:2      | Reached skill level 2 in Shields
  2442 | D:2      | Found a runed translucent door.
  2443 | D:2      | Noticed Crazy Yiuf
  2699 | D:3      | Reached XP level 5. HP: 42/43 MP: 6/6
  2789 | D:3      | Noticed an ogre
  2945 | D:3      | Killed an ogre
  2946 | D:3      | Reached skill level 5 in Axes
  3051 | D:3      | Found Koxki's Magic Scroll Emporium.
  3058 | D:3      | Found a broken altar of Ashenzari.
  3258 | D:3      | Found a blossoming altar of Fedhas.
  3332 | D:3      | Reached XP level 6. HP: 48/50 MP: 7/7
  3719 | D:6      | Reached skill level 6 in Axes
  3721 | D:6      | Reached skill level 3 in Invocations
  3837 | D:6      | Reached *** piety under Lugonu
  3838 | D:6      | Reached skill level 4 in Invocations
  3839 | D:6      | Gained mutation: You curl defensively after being hit. (AC
                  | +7*) [Palentonga growth]
  3839 | D:6      | Reached XP level 7. HP: 55/55 MP: 8/10
  3868 | D:6      | Identified the +5 scale mail "Pyprauff" {-Tele rElec Str-4
                  | Int+6}
  3919 | D:6      | Noticed a troll
  3929 | D:6      | Banished a troll
  3930 | D:6      | Reached skill level 5 in Invocations
  3990 | D:6      | Reached skill level 6 in Invocations
  4079 | D:6      | Identified the +1 leather armour of a Billion Beds {rF+
                  | rN+}
  4122 | D:5      | Entered Level 5 of the Dungeon
  4136 | D:5      | Reached skill level 7 in Invocations
  4136 | D:5      | Reached XP level 8. HP: 35/62 MP: 13/13
  4489 | D:4      | Reached skill level 8 in Invocations
  4526 | D:3      | Bought a scroll of summoning for 133 gold pieces
  4862 | D:4      | HP: 6/62 [steam dragon/ball of steam (19)]
  4865 | D:4      | HP: 1/93 [steam dragon/ball of steam (3)]
  5163 | D:5      | Noticed Menkaure
  5168 | D:5      | Killed Menkaure
  5169 | D:5      | Reached skill level 4 in Fighting
  5233 | D:5      | Noticed Dowan
  5568 | D:5      | Noticed Duvessa
  5582 | D:5      | HP: 8/97 [Dowan (2)]
  5585 | D:5      | Slain by Duvessa

Vanquished Creatures
  Menkaure (D:5)
  A steam dragon (D:4)
  A black bear (D:6)
  2 ogres
  A centaur (D:6)
  3 scorpions
  A bullfrog zombie (D:5)
  A centaur zombie (D:6)
  3 jellies
  3 hounds
  2 bullfrog skeletons
  An iguana (D:6)
  Natasha (thrice) (D:2)
  An orc wizard (D:3)
  Robin (D:2)
  5 adders
  3 white imps
  An ufetubus (D:5)
  A worm (D:4)
  A dart slug (D:5)
  4 orcs
  6 ball pythons
  6 bats
  9 endoplasms
  A giant cockroach (D:4)
  17 goblins
  4 hobgoblins
  2 quokkas (D:1)
  3 frilled lizards
  3 kobolds
  7 rats
  A spectral goblin (D:1)
99 creatures vanquished.
